 Dungeon Crawl Stone Soup version 0.30-a0-165-g1891117ce2 (webtiles) character file.

Game seed: 2388623423026330197

53 qw the Chopper (level 3, -2/23 HPs)
             Began as a Gargoyle Fighter on Sept 28, 2022.
             Slain by a gnoll
             ... wielding a +0 halberd
              (3 damage)
             ... on level 2 of the Dungeon.
             The game lasted 00:00:17 (1216 turns).

qw the Chopper (Gargoyle Fighter)                   Turns: 1216, Time: 00:00:18

Health: -2/23      AC: 10    Str: 21    XL:     3   Next: 87%
Magic:  3/3        EV:  9    Int:  8    God:
Gold:   65         SH:  4    Dex:  9    Spells: 2/2 levels left

rFire   . . .      SeeInvis .    Y - +1 war axe
rCold   . . .      Faith    .    c - +0 buckler
rNeg    + . .      Spirit   .    b - +0 scale mail
rPois   inf        Reflect  .    (no helmet)
rElec   +          Harm     .    (no cloak)
rCorr   .          Rampage  .    (no gloves)
Will    .....                    (no boots)
Stlth   ..........               (no amulet)
HPRegen 0.07/turn                (no ring)
MPRegen 0.08/turn                (no ring)

@: no status effects
A: sickness immunity, AC +3, negative energy resistance 1, electricity
resistance, torment resistance 1, petrification resistance
a: no special abilities


You were on level 2 of the Dungeon.
You visited 1 branch of the dungeon, and saw 2 of its levels.

You collected 65 gold pieces.


Innate Abilities, Weirdness & Mutations

You are immune to sickness and miasma.
Your stone body is resilient. (AC +3)
You are immune to poison.
You resist negative energy. (rN+)
You are resistant to electric shocks. (rElec)
You are resistant to unholy torment.
You are immune to petrification.


   Skills:
 - Level 3.2 Fighting
 + Level 3.7 Axes
 - Level 3.2 Armour
 - Level 3.2 Shields


You had 2 spell levels left.
You didn't know any spells.
Your spell library was empty.

Inventory:

Hand Weapons
 Y - a +1 war axe (weapon)
Armour
 b - a +0 scale mail (worn)
 c - a +0 buckler (worn)
Scrolls
 h - a scroll of identify
Potions
 d - a potion of might
 g - a potion of ambrosia {unknown}
 i - 2 potions of curing

Dungeon Overview and Level Annotations

Branches:
Dungeon (2/15)

Altars:


Message History

You closely miss the frilled lizard. You hit the quokka.
The quokka barely misses you. The gnoll hits you but does no damage.
The gnoll barely misses you.
The frilled lizard bites you but does no damage.
You barely miss the quokka.
The quokka is heavily wounded.
You miss the frilled lizard.
The quokka bites you but does no damage.
The frilled lizard bites you. The gnoll hits you but does no damage.
The gnoll hits you from afar with a +0 halberd.
The quokka barely misses you.
The giant cockroach bites you but does no damage.
The gnoll misses you. The frilled lizard barely misses you.
The gnoll hits you but does no damage.
You miss the quokka.
The quokka is heavily wounded.
You hit the frilled lizard.
You kill the frilled lizard!
You hit the giant cockroach but do no damage.
You block the giant cockroach's attack.
The quokka bites you but does no damage.
The gnoll barely misses you. The gnoll hits you but does no damage.
The giant cockroach bites you but does no damage.
The quokka bites you but does no damage.
You barely miss the quokka.
The quokka is heavily wounded.
You slash the giant cockroach!
You kill the giant cockroach!
The quokka bites you but does no damage.
The gnoll closely misses you. You block the gnoll's attack.
The giant cockroach bites you.
You hit the quokka.
The quokka is severely wounded.
You hit the giant cockroach.
The quokka bites you but does no damage.
The gnoll hits you from afar with a +0 halberd!
The gnoll hits you but does no damage. The giant cockroach barely misses you.
The quokka barely misses you.
The gnoll hits you from afar with a +0 halberd.
You die...

..............(
...)>...........
.................
#.................
..................
#..........gg...
#......=>%B..## ..
#.........@r..##.#
.................#
...........#.....#
...........#..#.##
......<....#..#.#
#.............#:##
#................##
##................#
###............#.#


You could see 2 gnolls, a quokka and a giant cockroach.

Vanquished Creatures
  3 gnolls
  A dart slug (D:1)
  2 endoplasms (D:1)
  2 giant cockroaches
  3 jackals (D:2)
  2 quokkas (D:1)
  A ball python (D:1)
  3 bats (D:1)
  2 frilled lizards
  A kobold (D:1)
  3 rats (D:1)
23 creatures vanquished.

Notes
Turn   | Place    | Note
-------+----------+-------------------------------------------
     0 | D:1      | qw the Gargoyle Fighter began the quest for the Orb.
     0 | D:1      | Reached XP level 1. HP: 14/14 MP: 1/1
     0 | D:1      | 0 ||| qw: Version: 0.2-a-12-gaebbb33
     0 | D:1      | 0 ||| qw: Game counter: 917
     0 | D:1      | 0 ||| qw: Always use a shield: true
     0 | D:1      | 0 ||| qw: God list: Okawaru
     0 | D:1      | 0 ||| qw: Allow faded altars: false
     0 | D:1      | 0 ||| qw: Do Orc after D:15 true
     0 | D:1      | 0 ||| qw: Do second Lair branch before Depths: true
     0 | D:1      | 0 ||| qw: Lair rune preference: random
     0 | D:1      | 0 ||| qw: Plans: Normal, Zot:1-4, God:TSO, Crypt, Tomb,
                  | Pan, Slime:5, Hells, Abyss, Orb
     0 | D:1      | 0 ||| PLANNING D:1-11
    47 | D:1      | 47 ||| Stepping ~*~*~tactically~*~*~ (hiding).
    55 | D:1      | Reached XP level 2. HP: 12/19 MP: 2/2
   469 | D:1      | 469 ||| Stepping ~*~*~tactically~*~*~ (hiding).
   640 | D:1      | Reached skill level 3 in Axes
   690 | D:1      | Reached XP level 3. HP: 17/23 MP: 3/3
   888 | D:1      | Found a faded altar of an unknown god.
  1032 | D:1      | 1032 ||| READING scroll labelled ROQUUCOREB.
  1033 | D:1      | 1033 ||| READING scroll labelled ELOGHOU NOGG.
  1034 | D:1      | 1034 ||| READING 2 scrolls labelled RERUXZ URANU.
  1035 | D:1      | 1035 ||| READING scroll labelled TYJONTORPHO.
  1136 | D:1      | 1136 ||| READING scroll labelled SUDUOHI DEZOBB.
  1137 | D:1      | 1137 ||| READING scroll labelled NUPAOC NUUG.
  1138 | D:1      | 1138 ||| DRINKING 3 fizzy ruby potions.
  1216 | D:2      | HP: 1/23 [gnoll/+0 halberd (9)]
  1216 | D:2      | Slain by a gnoll

Levels and vault maps discovered:
D:1:      dpeg_arrival_rooms_c, layout_loops_ring,
          shapermc_ecumenical_altar_starsandcircs, minmay_cut_off
D:2:      layout_rooms

Skill      XL: |  1  2 |
---------------+-------+-----
Axes           | 2 3 |  3.7
Fighting       | |  3.2
Armour         | |  3.2
Shields        | |  3.2

Action                   || total
-------------------------++-------
Melee: War axe           ||    53
  Use: Scroll            ||     6
       Potion            ||     1
Armor: Scale mail        ||    35
Dodge: Dodged            ||    29
Block: Buckler           ||    16

Table legend:
 A = Non-vault XP
 B = Vault XP
 C = Vault XP percentage of total XP
 D = Non-vault monster count
 E = Vault monster count
 F = Vault count percentage of total count
                 A         B        C        D         E       F
            +---------+---------+-------+---------+---------+-------
      Total |      69 |       7 |   9.2 |      19 |       4 |  17.4
            +---------+---------+-------+---------+---------+-------
        D:1 |      31 |       7 |  18.4 |      12 |       4 |  25.0
        D:2 |      38 |       0 |   0.0 |       7 |       0 |   0.0
            +---------+---------+-------+---------+---------+-------
